 Dungeon Crawl Stone Soup version 0.29-a0-857-g9b1aa3ac5b (webtiles) character file.

Game seed: 3481864004963706519

1726 jimonade the Slasher (level 9, -11/65 HPs)
             Began as a Djinni Fighter on July 17, 2022.
             Was an Initiate of Okawaru.
             Mangled by an acid dragon (14 damage)
             ... on level 6 of the Dungeon.
             The game lasted 00:18:06 (7051 turns).

jimonade the Slasher (Djinni Fighter)               Turns: 7051, Time: 00:18:07

Health: -11/65     AC: -2    Str: 15    XL:     9   Next: 25%
Gold:   337        EV: 16    Int: 13    God:    Okawaru [......] SH:  5 Dex: 14

rFire   + + .      SeeInvis .   L - +3 scimitar (flame)
rCold   x . .      Faith    +   c - +0 buckler
rNeg    . . .      Spirit   .   F - +1 troll leather armour {Pargi}
rPois   ∞          Reflect  .   (no helmet)
rElec   .          Harm     .   (no cloak)
rCorr   .          Rampage  .   (no gloves)
Will    .....                   (boots unavailable)
Stlth   +.........              k - amulet of faith
HPRegen 1.00/turn               h - +4 ring of evasion
MPRegen 0.00/turn               D - +4 ring of protection

@: corroded, flying
A: sickness immunity, fire resistance 2, cold vulnerability 1, float, innate
caster, HP casting, extra vitality 1
a: Renounce Religion


You were on level 6 of the Dungeon.
You worshipped Okawaru.
Okawaru was noncommittal.
You visited 2 branches of the dungeon, and saw 7 of its levels.

You collected 337 gold pieces.

Inventory:

Hand Weapons
 a - a +0 long sword
 b - a +0 sling
 f - a +0 short sword
 L - a +3 scimitar of flaming (weapon)
 N - a +2 whip of electrocution
 Q - a +0 quarterstaff
Missiles
 z - 2 boomerangs of dispersal (quivered)
Armour
 c - a +0 buckler (worn)
 q - a +0 scale mail
 A - a +0 leather armour
 B - a +0 robe
 F - a +1 troll leather armour (worn) {Pargi}
 G - the +3 leather armour of the Abyss {rElec Str+2}
   (You found it on level 4 of the Dungeon)

   Str:       It affects your strength (+2).
   rElec:     It insulates you from electricity.
 M - a +1 robe of willpower
 O - a scarf of shadows
Magical Staves
 p - a staff of poison
Jewellery
 h - a +4 ring of evasion (left hand)
 j - an amulet of the acrobat
 k - an amulet of faith (around neck)
 s - a +6 ring of intelligence
 y - the ring of Equilibrium {rC+ rN+}
   (You found it on level 3 of the Dungeon)

   [ring of positive energy]

   rC:        It protects you from cold.
   rN:        It protects you from negative energy.
 C - a +6 ring of strength
 D - a +4 ring of protection (right hand)
Wands
 I - a wand of acid (6)
 K - a wand of polymorph (7)
Scrolls
 e - a scroll of enchant weapon
 n - 2 scrolls of fog
 v - a scroll of poison
 J - a scroll of teleportation
Potions
 d - 2 potions of might
 g - 3 potions of ambrosia
 i - 2 potions of attraction
 r - a potion of haste
 t - 2 potions of brilliance
 u - 2 potions of curing
 x - a potion of heal wounds
 P - a potion of mutation
 R - a potion of lignification


   Skills:
 + Level 5.5 Fighting
 + Level 6.1 Long Blades
 + Level 0.5 Ranged Weapons
 + Level 4.8 Armour
 + Level 3.7 Dodging
 + Level 4.2 Shields
 * Level 3.5 Spellcasting


You had 5 spell levels left.
You knew the following spells:

 Your Spells              Type           Power      Damage    Failure   Level
a - Slow                  Hex            44%        N/A       9%          1
b - Ensorcelled Hibernat  Hex/Ice        22%        N/A       12%         2
c - Mephitic Cloud        Conj/Pois/Air  11%        N/A       24%         3
d - Hailstorm             Conj/Ice       11%        3d5       63%         4
Your spell library was empty.

Dungeon Overview and Level Annotations

Branches:
Dungeon (6/15)             Temple (1/1) D:5

Altars:
Ashenzari
Cheibriados
Dithmenos
Elyvilon
Fedhas
Makhleb
Nemelex Xobeh
Okawaru
Qazlal
Ru
Trog
Uskayaw
Wu Jian
Xom
Yredelemnul
Zin

Shops:
D:5 :*([

Annotations:
D:4 2 transporters, nxtlvl's ghost, weakling DEMo
D:5 3 runed translucent doors, kkgakdfjhgaksdf's ghost, weakling DgWr


Innate Abilities, Weirdness & Mutations

You are immune to sickness and miasma.
You are immune to poison.
Your flesh is very heat resistant. (rF++)
You are vulnerable to cold. (rC-)
You float through the air rather than walking.
You learn spells naturally, not from books.
Your magical power is your life essence.
You have superior vitality. (+4 MHP)


Message History

You barely miss the acid dragon.
The acid dragon is moderately wounded.
The acid dragon closely misses you. The acid dragon barely misses you.
You hit the acid dragon. You burn the acid dragon.
The acid dragon is moderately wounded.
The acid dragon bites you. You block the acid dragon's attack.
The acid dragon spits acid at you. The splash of acid hits you.
The acid corrodes you!
You hit the acid dragon but do no damage.
The acid dragon is moderately wounded.
The acid dragon misses you. The acid dragon completely misses you.
You hit the acid dragon but do no damage.
The acid dragon is moderately wounded.
The acid dragon closely misses you. The acid dragon claws you.
You hit the acid dragon. You burn the acid dragon.
The acid dragon is heavily wounded.
The acid dragon closely misses you. The acid dragon completely misses you.
An iguana comes into view.
You hit the acid dragon. You burn the acid dragon.
The acid dragon is almost dead.
The acid dragon closely misses you. The acid dragon misses you.
You hit the acid dragon but do no damage.
The acid dragon is almost dead.
The acid dragon bites you. You block the acid dragon's attack.
The iguana misses you.
You barely miss the acid dragon.
The acid dragon is almost dead.
The acid dragon bites you! The acid dragon closely misses you.
The iguana closely misses you.
You hit the acid dragon. You burn the acid dragon.
The acid dragon is almost dead.
The acid dragon spits acid at you. The splash of acid hits you!!
* * * LOW HITPOINT WARNING * * *
The acid corrodes you! The iguana bites you.
* * * LOW HITPOINT WARNING * * *
You closely miss the acid dragon.
The acid dragon is almost dead.
The acid dragon bites you!
You die...

#...
#####################.#.
..?.......##.......#..)<
..........##.......#..#.
..........#.............
..........#........[...#
..........#........#####
...................# #
......D@...>.......# #
##.#####l###.......# #.#
#.......# ..# #.......#
#### .(..... .......
##..###


You could see an acid dragon (catching breath) and an iguana.

Vanquished Creatures
  Grinder (D:3)
  Edmund (D:4)
  Pargi (D:4)
  An ice beast (D:5)
  An ogre (D:5)
  2 phantoms (D:3)
  A necrophage (D:6)
  6 scorpions
  3 wights (D:5)
  3 orc priests
  An iguana (D:6)
  Natasha (thrice) (D:4)
  An orc wizard (D:4)
  6 adders
  5 gnolls
  2 ufetubi (D:5)
  A worm (D:3)
  2 dart slugs
  17 orcs
  5 endoplasms
  3 giant cockroaches
  6 hobgoblins
  7 jackals
  9 kobolds
  4 quokkas
  4 ball pythons
  4 bats
  4 frilled lizards
  6 goblins
  6 rats
116 creatures vanquished.

Notes
Turn   | Place    | Note
-------+----------+-------------------------------------------
     0 | D:1      | jimonade the Djinni Fighter began the quest for the Orb.
     0 | D:1      | Reached XP level 1. HP: 20/20 MP: 0/0
   150 | D:1      | Reached XP level 2. HP: 22/25 MP: 0/0
   165 | D:1      | Reached skill level 2 in Long Blades
   283 | D:1      | Reached XP level 3. HP: 16/30 MP: 0/0
   283 | D:1      | Learned a level 1 spell: Slow
   909 | D:2      | Reached XP level 4. HP: 35/37 MP: 0/0
  1243 | D:2      | Found a faded altar of an unknown god.
  1335 | D:2      | Found a blossoming altar of Fedhas.
  2138 | D:3      | Reached XP level 5. HP: 41/41 MP: 0/0
  2138 | D:3      | Learned a level 2 spell: Ensorcelled Hibernation
  2279 | D:3      | Noticed a phantom
  2466 | D:3      | Killed a phantom
  2467 | D:3      | Reached skill level 3 in Long Blades
  2467 | D:3      | Reached skill level 1 in Spellcasting
  2599 | D:3      | Identified the ring of Equilibrium {rC+ rN+}
  2644 | D:3      | Reached XP level 6. HP: 37/47 MP: 0/0
  2753 | D:3      | Noticed Grinder
  2757 | D:3      | Paralysed by Grinder for 4 turns
  2781 | D:3      | Killed Grinder
  2782 | D:3      | Reached skill level 1 in Dodging
  2782 | D:3      | Reached XP level 7. HP: 15/53 MP: 0/0
  2782 | D:3      | Learned a level 3 spell: Mephitic Cloud
  3449 | D:4      | Identified the +3 leather armour of the Abyss {rElec Str+2}
  3525 | D:4      | Noticed Pargi
  3555 | D:4      | Killed Pargi
  3556 | D:4      | Reached skill level 4 in Long Blades
  3824 | D:4      | Found a transporter.
  3827 | D:4      | Noticed nxtlvl's ghost (weakling DEMo)
  3828 | D:4      | Found a transporter.
  4167 | D:3      | Reached XP level 8. HP: 58/58 MP: 0/0
  4406 | D:4      | Noticed Edmund
  4455 | D:4      | Killed Edmund
  4509 | D:4      | Noticed Natasha
  4522 | D:4      | Killed Natasha
  4824 | D:4      | Found a transporter.
  4828 | D:4      | Found a transporter.
  4830 | D:4      | Noticed Natasha
  4841 | D:4      | Killed Natasha
  5068 | D:4      | Noticed Natasha
  5082 | D:4      | Killed Natasha
  5083 | D:4      | Reached skill level 5 in Long Blades
  5504 | D:5      | Entered Level 5 of the Dungeon
  5681 | D:5      | Found Xuuch's Weapon Shop.
  5740 | D:5      | Reached skill level 5 in Fighting
  5964 | D:5      | Found a staircase to the Ecumenical Temple.
  5991 | Temple   | Entered the Ecumenical Temple
  6265 | Temple   | Became a worshipper of Warmaster Okawaru
  6314 | D:5      | Found Gaippow's Assorted Antiques.
  6354 | D:5      | Found Camig's Antique Armour Emporium.
  6526 | D:5      | Reached XP level 9. HP: 65/65 MP: 0/0
  6526 | D:5      | Learned a level 4 spell: Hailstorm
  6746 | D:5      | Found Xagegojo's Book Shop.
  6837 | D:5      | Found a runed translucent gate.
  6839 | D:5      | Found a runed translucent gate.
  6839 | D:5      | Found a runed translucent gate.
  6839 | D:5      | Noticed kkgakdfjhgaksdf's ghost (weakling DgWr)
  6957 | D:6      | Reached skill level 6 in Long Blades
  7050 | D:6      | HP: 2/65 [iguana (4)]
  7051 | D:6      | Mangled by an acid dragon

Illustrated notes

Levels and vault maps discovered:
D:1:      lightli_molten_gateway, layout_basic, item_on_display_a
D:2:      layout_basic, basic_altar, serial_forest, infiniplex_forest_pool,
          infiniplex_forest_lined_3, infiniplex_forest_lined_3_way,
          infiniplex_forest_clump_cross, hellmonk_ecumenical_altar_leap_of_faith
D:3:      layout_basic, uniq_grinder
D:4:      layout_loops_corners, gammafunk_ghost_mausoleum,
          chequers_serial_rivers_small_a, uniq_pargi, uniq_edmund, uniq_natasha
D:5:      layout_basic, minmay_temple_entry_poolview, ebering_ghost_rock_garden,
          serial_shops, nicolae_stop_n_shop_1, kennysheep_mini_moat,
          kennysheep_mini, shop
D:6:      nicolae_cairo_tiling_large_dashed, layout_basic,
          minmay_misc_feat_rugged, chequers_jeans, minmay_misc_feat_doors,
          uniq_crazy_yiuf_cottage
Temple:   compressed_dpeg_triangle_lava_temple

Skill      XL: |  1  2  3  4  5  6  7  8  9 |
---------------+----------------------------+-----
Long Blades    | 2 3 4 5 6 |  6.1
Fighting       | 4 5 |  5.5
Spellcasting   | 1 2 3 |  3.5
Armour         | 4 |  4.8
Dodging        | 1 3 |  3.7
Shields        | 4 |  4.2
Ranged Weapons | |  0.5

Action                   |  1- 3 |  4- 6 |  7- 9 || total
-------------------------+-------+-------+-------++-------
Melee: Long sword        |    67 |   153 |   309 ||   529
       Scimitar          |       |       |    78 ||    78
 Fire: Sling             |       |       |     2 ||     2
 Cast: Slow              |       |       |     6 ||     6
  Use: Scroll            |       |       |    17 ||    17
Armor: Scale mail        |    32 |    49 |    38 ||   119
       Troll leather arm |       |       |    55 ||    55
Dodge: Dodged            |    28 |   123 |   331 ||   482
Block: Buckler           |    15 |    39 |    97 ||   151

Table legend: (Time is in decaauts)
 A = Elapsed time spent in this place.
 B = Non-inter-level travel time spent in this place.
 C = Inter-level travel time spent in this place.
 D = Time resting spent in this place.
 E = Time spent auto-exploring this place.
 F = Levels seen in this place.
 G = Mean time per level.
                   A        B        C        D        E       F      G
               +--------+--------+--------+--------+--------+-----+--------+
         Total |   7201 |   6892 |    309 |    648 |   4324 |   7 | 1028.7 |
       Dungeon |   6911 |   6625 |    286 |    648 |   4082 |   6 | 1151.8 |
        Temple |    290 |    267 |     23 |      0 |    242 |   1 |  290.0 |
               +--------+--------+--------+--------+--------+-----+--------+

Top non-repeatable levels by time:
     D:4: 2248 daAuts
     D:3: 1316 daAuts
     D:5: 1176 daAuts
     D:2: 1068 daAuts
     D:1: 990 daAuts
  Temple: 290 daAuts
     D:6: 111 daAuts
